 Dungeon Crawl Stone Soup version 0.30.0-10-gfe55d96785 (webtiles) character file.

Game seed: 15936440781074756253

39001 safid the Gelid (level 14, -3/115 HPs)
             Began as a Merfolk Ice Elementalist on May 12, 2023.
             Was a High Priest of Vehumet.
             Killed by divine providence
             ... invoked by an orc high priest
              (9 damage)
             ... on level 2 of the Orcish Mines on May 15, 2023.
             The game lasted 01:00:09 (19725 turns).

safid the Gelid (Merfolk Ice Elementalist)         Turns: 19725, Time: 01:00:09

Health: -3/115     AC: -11   Str:  5    XL:     14   Next: 4%
Magic:  18/28      EV: 13    Int: 22    God:    Vehumet [*****.]
Gold:   1286       SH:  0    Dex: 14    Spells: 21/33 levels left

rFire   . . .        v - +6 quarterstaff "Yhulent" {elec, rPois rCorr Str-5 Int+4}
rCold   . . .        (shield currently unavailable)
rNeg    . . .        a - +0 robe
rPois   +            (no helmet)
rElec   .            H - +2 cloak {rPois}
rCorr   +            D - +0 pair of gloves
SInv    .            i - +2 pair of boots
Will    +....        (no amulet)
Stlth   ++           o - ring of poison resistance
HPRegen 0.39/turn    w - ring of flight
MPRegen 0.21/turn

%: no passive effects
@: corroded, flying
A: (nimble swimmer 2), mertail
a: Renounce Religion


You were on level 2 of the Orcish Mines.
You worshipped Vehumet.
Vehumet was extremely pleased with you.
You visited 3 branches of the dungeon, and saw 17 of its levels.

You collected 1491 gold pieces.
You spent 205 gold pieces at shops.

Inventory:

Hand Weapons
 v - the +6 quarterstaff "Yhulent" (weapon) {elec, rPois rCorr Str-5 Int+4}
   (You found it on level 4 of the Dungeon)

   Str:       It affects your strength (-5).
   Int:       It affects your intelligence (+4).
   rPois:     It protects you from poison.
   rCorr:     It protects you from acid and corrosion.
 J - the +7 mace of Variability {chaos, chaos arc}
   (You found it on level 3 of the Lair of Beasts)
Missiles
 k - 5 silver javelins
 r - 2 throwing nets
Armour
 a - a +0 robe (worn)
 i - a +2 pair of boots (worn)
 D - a +0 pair of gloves (worn)
 E - the orb of the Stars {guile, Harm rF++ Dex-5 SInv}
   (You found it on level 9 of the Dungeon)

   Dex:       It affects your dexterity (-5).
   rF:        It greatly protects you from fire.
   SInv:      It lets you see invisible.
   Harm:      It increases damage dealt and taken.
 H - a +2 cloak of poison resistance (worn)
Jewellery
 o - a ring of poison resistance (left hand)
 w - a ring of flight (right hand)
Wands
 p - a wand of flame (10)
 s - a wand of mindburst (14)
 F - a wand of polymorph (7)
 K - a wand of roots (3)
Scrolls
 c - 2 scrolls of brand weapon
 g - a scroll of enchant weapon {unknown}
 l - 2 scrolls of enchant armour
 n - a scroll of blinking
 q - 2 scrolls of magic mapping
 u - 6 scrolls of teleportation
 G - 2 scrolls of silence
 I - 2 scrolls of amnesia {unknown}
Potions
 b - 4 potions of magic
 d - 5 potions of curing
 e - 5 potions of haste
 f - 3 potions of might
 h - a potion of flight {unknown}
 j - 3 potions of cancellation
 m - 4 potions of mutation
 t - 3 potions of lignification
 x - a potion of heal wounds {unknown}
 z - 5 potions of ambrosia
 A - 2 potions of invisibility
 B - 2 potions of berserk rage {unknown}
 C - 3 potions of brilliance


   Skills:
 - Level 12.0 Fighting
 - Level 4.0 Dodging
 - Level 2.1 Stealth
 - Level 10.3 Spellcasting
 - Level 4.0 Conjurations
 + Level 19.1 Ice Magic


You had 21 spell levels left.
You knew the following spells:

 Your Spells              Type           Power      Damage    Failure   Level
a - Freeze                Ice            100%       1d10      0%          1
b - Frozen Ramparts       Ice            100%       1d16      0%          3
c - Ozocubu's Armour      Ice            77%        N/A       0%          3
d - Freezing Cloud        Conj/Ice/Air   22%        6-21      1%          5

Your spell library contained the following spells:

 Spells                   Type           Power      Damage    Failure   Level
 Flame Wave               Conj/Fire      20%        2d7       7%          4
 Magic Dart               Conj           100%       1d8       1%          1
 Ensorcelled Hibernation  Hex/Ice        100%       N/A       1%          2
 Searing Ray              Conj           56%        2d6       1%          2
 Summon Ice Beast         Ice/Summ       52%        N/A       1%          4
 Mephitic Cloud           Conj/Pois/Air  17%        N/A       2%          3
 Inner Flame              Hex/Fire       11%        N/A       4%          3
 Fulminant Prism          Conj/Hex       10%        3d9       7%          4
 Call Imp                 Summ           22%        N/A       9%          2
 Sublimation of Blood     Necr           11%        N/A       9%          2
 Wereblood                Tmut           11%        N/A       9%          2
 Spider Form              Tmut/Pois      11%        N/A       17%         3
 Yara's Violent Unravell  Hex/Tmut       5%         3d4       36%         5
 Anguish                  Hex/Necr       5%         N/A       50%         4
 Animate Dead             Necr           11%        N/A       50%         4
 Enfeeble                 Hex            5%         N/A       100%        7
 Haunt                    Necr/Summ      5%         N/A       100%        7
 Summon Hydra             Summ           5%         N/A       100%        7
 Infestation              Necr           5%         N/A       100%        8
 Chain Lightning          Conj/Air       10%        3d13      100%        9
 Fire Storm               Conj/Fire      10%        8d3       100%        9
 Shatter                  Erth           5%         3d8*      100%        9


Dungeon Overview and Level Annotations

Branches:
Dungeon (10/15)            Temple (0/1) D:7            Lair (5/5) D:8
 Shoals (0/4) Lair:2        Snake (0/4) Lair:3        Slime (0/5) Lair:4
    Orc (2/2) D:9             Elf (0/3) Orc:2

Altars:
Ashenzari
Elyvilon
Hepliaklqana
Makhleb
Okawaru
Vehumet
Yredelemnul
Jiyva

Shops:
D:5 **   Orc:1 :   Orc:2 **

Annotations:
D:4 2 runed translucent doors, hawla's ghost, amateur MeFE
D:6 3 runed translucent doors, bakla's ghost, novice MiHu; zlionsfan's ghost, novice KoHs
D:9 exclusion: 2 oklob plants
Lair:1 exclusion: oklob plant
Lair:5 exclusion: oklob plant
Orc:1 2 runed translucent doors, PerfectTommy's ghost, journeyman MiFi


Innate Abilities, Weirdness & Mutations

((You are very nimble when in or above water. (Stealth+, EV+, Speed+++)))
Your lower body shifts to a powerful aquatic tail in water.


Message History

The ynoxinul resists.
The wall freezes the ynoxinul.
The ynoxinul gestures.
The wall freezes the demonspawn!
The wall freezes the orc high priest!
The orc high priest completely misses you.
Unknown command.
Casting: Freeze (safe; 0% risk of failure)
Confirm with . or Enter, or press ? or * to list all spells.
Aiming: Freeze (safe; 0% risk of failure)
Press: ? - help, Shift-Dir - straight line, f/p - rust devil
Aim: a rust devil (severely wounded, summoned)
You freeze the rust devil.
The rust devil resists.
The rust devil is almost dead.
The wall freezes the rust devil but does no damage.
The rust devil hits you!
* * * LOW HITPOINT WARNING * * *
The ufetubus resists.
The wall freezes the ufetubus.
The ufetubus resists.
The wall freezes the ufetubus.
The ynoxinul resists.
The wall freezes the ynoxinul.
The ynoxinul hits you!
* * * LOW HITPOINT WARNING * * *
The wall freezes the orc high priest but does no damage.
The orc high priest completely misses you.
The wall freezes the demonspawn.
Unknown command.
Unknown command.
Unknown command.
Unknown command.
Unknown command.
Unknown command.
Unknown command.
Unknown command.
Unknown command.
Blink to where?
Press: ? - help, Dir - move target, p - rust devil Your icy armour and frozen ramparts will break if you move.
Continue?
Your icy armour cracks and falls away as you move.
The frozen ramparts melt away as you move.
As you read the scroll of blinking, it crumbles to dust.
The orc high priest mumbles some strange prayers to Beogh against you.
Beogh smites you!
You die...

.......[###...## ##...###).
.......###.#.##. .##.#.###.
......###...##..# #..##...###
.......###.#)##..# #§.##.#.###.
........###.[)##..###§6##...###..
.........###[[.##..#4o##...###...
..........###..)##.3.##o..####..#
...........###...#.#.#...###.....
.......#....###.@5).....###......
......###...# ##)#...#.###.......
...#...###### ##.....####.......
..###.## #...## #....###. .## ###
##.## ##.####.. ..# ## ### #..
..## ##. ..[## ## #...#


You could see a demonspawn, an orc high priest, a rust devil (summoned), a
ynoxinul (summoned) and an ufetubus (summoned).

Vanquished Creatures
  A catoblepas (Lair:5)
  4 orc high priests (Orc:2)
  A sixfirhy (Orc:2)
  2 orc sorcerers
  4 orc knights (Orc:2)
  A cyclops (D:8)
  8 elephants
  A merfolk siren (Lair:2)
  Maurice (D:9)
  A rust devil (Orc:2)
  A torpor snail (Lair:4)
  A black mamba (Lair:5)
  7 cane toads
  7 komodo dragons
  A red devil (Orc:2)
  2 polar bears
  2 hornets
  4 trolls
  Grinder (D:6)
  5 dream sheep (Lair:3)
  22 blink frogs
  Prince Ribbit (D:6)
  2 slime creatures (Lair:4)
  A shadow (D:9)
  A wraith (D:10)
  Sigmund (D:6)
  24 yaks
  3 wyverns
  Grum (D:10)
  A vampire (D:7)
  2 chaos spawn (Orc:2)
  A neqoxec (Orc:2)
  3 basilisks
  2 wargs
  4 nagas (Lair:3)
  8 water moccasins
  An acid dragon (D:9)
  Duvessa (D:6)
  A floating eye (D:9)
  28 orc warriors
  2 ice beasts
  3 black bears
  6 ogres
  25 wolves
  5 centaurs
  15 bullfrogs
  2 kobold brigands (D:7)
  Blork the orc (D:5)
  4 wights
  Dowan (D:6)
  3 killer bees (D:8)
  A howler monkey (D:10)
  4 electric eels
  A crimson imp (D:3)
  A hound (D:4)
  5 gnoll boudas
  25 orc priests
  3 sleepcaps
  5 jellies
  2 iguanas
  Ijyb (D:4)
  19 orc wizards
  9 adders
  30 gnolls
  A shadow imp (D:6)
  A white imp (D:7)
  3 worms (D:2)
  62 orcs
  7 endoplasms
  3 giant cockroaches
  7 goblins
  3 hobgoblins
  7 jackals (D:1)
  8 quokkas
  13 ball pythons
  7 bats
  A frilled lizard (D:3)
  14 kobolds
  5 rats
478 creatures vanquished.

Notes
Turn   | Place    | Note
-------+----------+-------------------------------------------
     0 | D:1      | safid the Merfolk Ice Elementalist began the quest for the
                  | Orb.
     0 | D:1      | Reached XP level 1. HP: 13/13 MP: 3/3
   114 | D:1      | Reached XP level 2. HP: 15/20 MP: 0/5
   179 | D:1      | Reached skill level 1 in Fighting
   642 | D:1      | Reached XP level 3. HP: 23/26 MP: 0/6
   744 | D:1      | Found a faded altar of an unknown god.
   953 | D:1      | Learned a level 3 spell: Frozen Ramparts
   957 | D:1      | Learned a level 3 spell: Ozocubu's Armour
  1020 | D:1      | Upgraded the game from 0.30.0-5-g1a98f26d00 to
                  | 0.30.0-10-gfe55d96785
  1446 | D:2      | Reached skill level 5 in Ice Magic
  1446 | D:2      | Reached XP level 4. HP: 33/33 MP: 3/8
  2401 | D:3      | Reached XP level 5. HP: 32/39 MP: 5/9
  2947 | D:3      | Found a burning altar of Makhleb.
  2948 | D:3      | Found a radiant altar of Vehumet.
  2959 | D:3      | Became a worshipper of Vehumet
  3296 | D:4      | Reached XP level 6. HP: 47/47 MP: 4/11
  3434 | D:4      | Reached skill level 6 in Ice Magic
  3505 | D:4      | Found a runed translucent door.
  3533 | D:4      | Noticed hawla's ghost (amateur MeFE)
  3549 | D:4      | Reached * piety under Vehumet
  3549 | D:4      | Offered knowledge of Foxfire by Vehumet.
  3596 | D:4      | Identified the +6 quarterstaff "Yhulent" {elec, rPois rCorr
                  | Str-5 Int+4}
  3621 | D:4      | Found a runed translucent door.
  3732 | D:4      | Reached XP level 7. HP: 31/54 MP: 5/13
  4092 | D:5      | Entered Level 5 of the Dungeon
  4092 | D:5      | Found Neirol's Elemental Accessories.
  4214 | D:5      | Noticed Ijyb
  4228 | D:4      | Killed Ijyb
  4496 | D:5      | Found Womi's Overcharged Wands.
  4516 | D:5      | Reached skill level 5 in Fighting
  4572 | D:5      | Found an iron altar of Okawaru.
  4636 | D:5      | Noticed Blork the orc
  4647 | D:5      | Killed Blork the orc
  4648 | D:5      | Reached skill level 7 in Ice Magic
  4847 | D:6      | Noticed Grinder
  4861 | D:6      | Noticed Prince Ribbit
  4877 | D:6      | Killed Prince Ribbit
  4878 | D:6      | Reached skill level 5 in Spellcasting
  4878 | D:6      | Reached XP level 8. HP: 33/63 MP: 6/15
  4878 | D:6      | Noticed Dowan
  4980 | D:6      | Noticed Duvessa
  4988 | D:6      | Killed Duvessa
  4996 | D:6      | Killed Dowan
  5140 | D:6      | Noticed Sigmund
  5165 | D:6      | Killed Sigmund
  5258 | D:6      | Paralysed by Grinder for 4 turns
  5272 | D:6      | Paralysed by Grinder for 3 turns
  5276 | D:6      | Killed Grinder
  5277 | D:6      | Reached skill level 8 in Ice Magic
  5328 | D:6      | Found a runed translucent gate.
  5328 | D:6      | Found a runed translucent gate.
  5328 | D:6      | Found a runed translucent gate.
  5354 | D:6      | Reached ** piety under Vehumet
  5354 | D:6      | Offered knowledge of Sandblast by Vehumet.
  5355 | D:6      | Reached XP level 9. HP: 71/71 MP: 12/18
  5889 | D:6      | Noticed zlionsfan's ghost (novice KoHs)
  5890 | D:6      | Noticed bakla's ghost (novice MiHu)
  6147 | D:7      | Reached skill level 9 in Ice Magic
  6378 | D:7      | Offered knowledge of Scorch by Vehumet.
  6667 | D:7      | Found a staircase to the Ecumenical Temple.
  6923 | D:8      | Found a staircase to the Lair.
  6949 | D:8      | Noticed a cyclops
  6967 | D:8      | Killed a cyclops
  7132 | D:8      | Reached XP level 10. HP: 60/82 MP: 16/21
  7859 | D:8      | Reached skill level 10 in Ice Magic
  7870 | D:8      | Reached *** piety under Vehumet
  8386 | D:9      | Identified the orb of the Stars {guile, Harm rF++ Dex-5
                  | SInv}
  8511 | D:9      | Found a staircase to the Orcish Mines.
  8593 | D:9      | Found a hazy altar of Hepliaklqana.
  8623 | D:9      | Offered knowledge of Airstrike by Vehumet.
  8688 | D:9      | Found a basalt altar of Yredelemnul.
  8698 | D:9      | Paralysed by a floating eye for 2 turns
  8701 | D:9      | Paralysed by a floating eye for 4 turns
  8707 | D:9      | Paralysed by a floating eye for 4 turns
  8895 | D:9      | Noticed an oklob plant
  8905 | D:9      | Noticed an oklob plant
  9164 | D:9      | Found a broken altar of Ashenzari.
  9165 | D:9      | Found a white marble altar of Elyvilon.
  9202 | D:9      | Noticed Maurice
  9216 | D:9      | Killed Maurice
  9325 | D:10     | Entered Level 10 of the Dungeon
  9334 | D:10     | Reached skill level 10 in Fighting
  9335 | D:10     | Reached skill level 11 in Ice Magic
  9498 | D:10     | Reached XP level 11. HP: 91/91 MP: 16/23
  9506 | D:10     | Noticed Grum
  9515 | D:10     | Killed Grum
 10285 | Lair:1   | Entered Level 1 of the Lair of Beasts
 10547 | Lair:1   | Reached **** piety under Vehumet
 10830 | Lair:1   | Offered knowledge of Sticky Flame by Vehumet.
 10834 | Lair:1   | Reached skill level 12 in Ice Magic
 10955 | Lair:1   | Noticed an oklob plant
 11888 | Lair:2   | Reached skill level 10 in Spellcasting
 12172 | Lair:2   | Reached XP level 12. HP: 57/102 MP: 26/26
 12425 | Lair:2   | Found a staircase to the Shoals.
 12563 | Lair:2   | Reached skill level 13 in Ice Magic
 12567 | Lair:2   | Reached ***** piety under Vehumet
 12571 | Lair:2   | Offered knowledge of Freezing Cloud by Vehumet.
 12579 | Lair:2   | HP: 4/102 [wolf (6)]
 13131 | Lair:2   | Reached skill level 14 in Ice Magic
 13515 | Lair:3   | Learned a level 5 spell: Freezing Cloud
 13550 | Lair:3   | Reached skill level 1 in Conjurations
 13825 | Lair:3   | Found the +7 mace of Variability {chaos, chaos arc}
 14034 | Lair:3   | Reached skill level 15 in Ice Magic
 14300 | Lair:3   | Found a staircase to the Snake Pit.
 14306 | Lair:3   | Reached XP level 13. HP: 90/108 MP: 22/27
 14794 | Lair:4   | Found a viscous altar of Jiyva.
 14796 | Lair:4   | Found a staircase to the Slime Pits.
 14804 | Lair:4   | Reached skill level 16 in Ice Magic
 15415 | Lair:5   | Entered Level 5 of the Lair of Beasts
 16171 | Lair:5   | Reached skill level 17 in Ice Magic
 16563 | Orc:1    | Entered Level 1 of the Orcish Mines
 16877 | Orc:1    | Found a large runed translucent door.
 16879 | Orc:1    | Found a large runed translucent door.
 16890 | Orc:1    | Noticed a walking earthen tome
 16895 | Orc:1    | Found Bovemob's Book Boutique.
 16932 | Orc:1    | Noticed a walking earthen tome
 17065 | Orc:1    | Noticed PerfectTommy's ghost (journeyman MiFi)
 17088 | Orc:2    | Entered Level 2 of the Orcish Mines
 17486 | Orc:2    | Offered knowledge of Flame Wave by Vehumet.
 17686 | Orc:2    | Found a staircase to the Elven Halls.
 18038 | Orc:2    | Found Henusol's General Store.
 18106 | Orc:2    | Found Ratian's General Store.
 18147 | Orc:2    | Bought a scroll of magic mapping for 135 gold pieces
 18260 | Orc:2    | Bought a scroll of teleportation for 42 gold pieces
 18260 | Orc:2    | Bought a scroll of identify for 28 gold pieces
 18306 | Orc:2    | Reached skill level 18 in Ice Magic
 18872 | Orc:2    | HP: 2/108 [orc high priest/divine providence (13)]
 19567 | Orc:2    | Reached XP level 14. HP: 109/115 MP: 26/28
 19574 | Orc:2    | Reached skill level 19 in Ice Magic
 19725 | Orc:2    | Killed from afar by an orc high priest

Illustrated notes

Levels and vault maps discovered:
D:1:      amcnicky_arrival_gap_in_the_tavern_cellar, layout_basic,
          ebering_ecumenical_altar_rust
D:2:      layout_basic, kennysheep_generic_room_5
D:3:      layout_basic, grunt_temple_overflow_lords_of_destruction,
          serial_park_tiny_pond, chequers_serial_rivers_small_b,
          kennysheep_generic_room_10
D:4:      layout_rooms, ebering_ghost_sewer_f
D:5:      layout_cave_pools, mainiacjoe_overflow_concentric_impassable,
          minmay_strange_pillars, nicolae_elemental_shop,
          nicolae_shop_overcharged_wands, uniq_ijyb, uniq_blork_the_orc
D:6:      layout_cave_pools, gammafunk_ghost_cemetery, kennysheep_small_square,
          uniq_sigmund, uniq_prince_ribbit1, uniq_grinder, uniq_duvessa
D:7:      layout_cave_pools, minmay_temple_entry_nine_rooms,
          minmay_chambers_of_fives
D:8:      layout_rooms, lair_entry_dummy, serial_bayou, serial_bayou_pond_b,
          serial_bayou_pond_c, serial_bayou_pond_d, serial_bayou_lagoon_a
D:9:      layout_big_octagon, mainiacjoe_overflow_six_doors_small,
          mainiacjoe_overflow_surrounded_room, gammafunk_temple_overflow_pools,
          david_orc_1_choice, disabler_island, uniq_maurice
D:10:     layout_loops_cross, minmay_liquid_box, uniq_grum
Lair:1:   layout_layer_cave
Lair:2:   layout_small_grid, minmay_shoals_entry_lonely_mermaid,
          beast_lair_carwin_10, serial_bayou_shore_a, grunt_megastairs_5
Lair:3:   layout_roguey, minmay_snake_entry_guardpost_medium
Lair:4:   layout_concentric_octagons, minmay_slime_entry_pillars
Lair:5:   evil_forest, layout_regular_city, serial_bayou_lake_a,
          lemuel_fruit_tree, serial_bayou_shore_b, grunt_megastairs_3,
          infiniplex_staircase_pool, lemuel_fruit_fields, serial_bayou_shore_b
Orc:1:    layout_caves, serial_shops, nicolae_shop_mannequins,
          ebering_ghost_disaster_area, lightli_orcish_oven
Orc:2:    pf_orc_diabolical, layout_caves, basic_altar

Skill      XL: |  1  2  3  4  5  6  7  8  9 10 11 12 13 14 |
---------------+-------------------------------------------+-----
Fighting       | 1 2 3 4 5 6 8 10 11 12 | 12.0
Ice Magic      | 5 6 7 8 9 11 12 15 18 19 | 19.1
Spellcasting   | 3 4 5 6 7 8 10 | 10.3
Dodging        | 4 |  4.0
Conjurations   | 4 |  4.0
Stealth        | |  2.1

Action                     |  1- 3 |  4- 6 |  7- 9 | 10-12 | 13-15 || total
---------------------------+-------+-------+-------+-------+-------++-------
  Melee: Whip              |    18 |       |       |       |       ||    18
         Unarmed           |     1 |       |       |       |       ||     1
         Short sword       |    19 |     3 |       |       |       ||    22
         Trident           |       |    68 |       |       |       ||    68
         Quarterstaff      |       |     6 |    83 |   228 |   158 ||   475
         Tailslap          |       |       |       |     1 |       ||     1
   Cast: Freeze            |    55 |    33 |    30 |    75 |   103 ||   296
         Frozen Ramparts   |       |    11 |    36 |    79 |    76 ||   202
         Ozocubu's Armour  |       |     5 |    24 |    56 |    43 ||   128
         Freezing Cloud    |       |       |       |       |    10 ||    10
    Use: Scroll            |       |     1 |    10 |     6 |     8 ||    25
         Potion            |       |       |       |       |     4 ||     4
   Stab: Sleeping          |     4 |     5 |     1 |       |       ||    10
 Armour: Robe              |    12 |    35 |    56 |   175 |   137 ||   415
  Dodge: Dodged            |    52 |    65 |    61 |   274 |   247 ||   699
